Map: Turbo Cruise '84 LE

Players

Mădălin

  • Race: Terran Terran
  • League: Platinum
  • Spawn Location: 7:00

DANKCRAFT - Winner!

  • Race: Zerg Zerg
  • League: Master
  • Spawn Location: 3:00

VOD

Have the link to the VOD?

Description

Time

  • Played on: June 14, 2019, 1:21 a.m.
  • Length: 15:10
Show
View Real Time Build Order
Export as new Build Order

Mădălin Terran 

Build Orders: Mech 

Get SALT Encoding   

  12  0:01  SCV  
  13  0:13  SCV  
  14  0:19  Supply Depot  
  14  0:25  SCV  
  15  0:41  SCV  
  16  0:44  Barracks  
  16  0:53  SCV  
  17  1:05  SCV  
  18  1:17  SCV  
  19  1:19  Refinery  
  19  1:31  SCV  
  20  1:34  Refinery  
  20  1:49  SCV  
  21  2:01  SCV  
  21  2:08  Barracks Tech Lab, Supply Depot  
  22  2:11  Command Center  
  22  2:19  Orbital Command  
  22  2:23  Factory  
  22  2:45  SCV  
  23  2:55  Factory  
  23  2:58  Factory  
  23  3:02  SCV  
  24  3:12  Factory Tech Lab  
  24  3:14  SCV  
  25  3:20  Supply Depot  
  25  3:24  Supply Depot  
  25  3:26  SCV  
  26  3:28  SCV  
  27  3:38  SCV  
  27  3:40  Siege Tank  
  31  3:50  SCV  
  31  3:51  Orbital Command  
  32  4:00  Factory Reactor, Factory Tech Lab  
  32  4:02  SCV  
  33  4:09  Refinery  
  33  4:11  Refinery  
  33  4:14  SCV  
  34  4:20  SCV  
  35  4:26  SCV  
  35  4:30  Engineering Bay  
  36  4:32  SCV  
  36  4:33  Armory  
  36  4:35  Armory  
  36  4:38  Hellion x2  
  41  4:41  SCV  
  41  4:44  SCV  
  43  4:54  SCV  
  43  4:56  SCV  
  43  4:58  Missile Turret  
  45  5:01  Missile Turret  
  45  5:06  SCV, Hellion x2  
  50  5:09  Hi-Sec Auto Tracking  
  50  5:11  SCV  
  51  5:18  SCV  
  52  5:23  SCV  
  52  5:26  Command Center  
  53  5:29  Terran Vehicle And Ship Armor Level 1  
  53  5:31  Terran Vehicle Weapons Level 1  
  53  5:43  Thor  
  59  5:52  Supply Depot  
  59  5:54  Supply Depot  
  59  5:57  SCV x2  
  61  6:12  SCV  
  61  6:13  SCV, Thor  
  69  6:20  Hellion x2  
  73  6:26  Siege Tank  
  73  6:32  SCV x2  
  78  6:43  Hellion x2  
  78  6:44  SCV x2  
  84  6:52  Factory  
  84  6:53  Factory  
  84  6:56  Siege Tank  
  84  6:57  Factory  
  84  6:58  Siege Tank  
  90  7:02  Orbital Command  
  90  7:06  SCV x2  
  92  7:13  Missile Turret  
  92  7:14  Refinery  
  92  7:16  Refinery  
  92  7:18  SCV  
  93  7:24  Supply Depot  
  93  7:26  Supply Depot  
  93  7:28  Supply Depot  
  93  7:30  Terran Vehicle Weapons Level 2  
  93  7:34  Terran Vehicle And Ship Armor Level 2  
  93  7:39  Neosteel Armor  
  93  7:46  SCV x2  
  93  7:48  Supply Depot  
  93  7:50  Supply Depot  
  95  7:52  Supply Depot  
  96  7:58  SCV  
  96  8:03  SCV x2  
  98  8:07  Factory Tech Lab x3  
  98  8:10  SCV  
  99  8:15  SCV  
  100  8:23  Hellbat x2  
  90  8:36  Hellion x2  
  90  8:37  Thor x3  
  112  8:57  Thor x2  
  89  10:02  Supply Depot  
  89  10:05  Supply Depot x2  
  86  10:08  Supply Depot  
  86  10:14  Barracks Tech Lab  
  86  10:15  Supply Depot  
  86  10:26  Supply Depot  
  86  10:30  Supply Depot  
  86  10:35  SCV x2  
  85  10:36  SCV  
  85  10:37  Siege Tank x2, Hellion x2  
  85  10:38  Supply Depot  
  92  10:47  SCV  
  92  10:48  Siege Tank x2, SCV x2  
  101  10:59  Hellion, Thor  
  109  11:04  SCV, Hellion  
  109  11:09  Siege Tank, Thor  
  94  12:59  Command Center  
  24  14:12  Refinery, Barracks  
  24  14:31  Refinery  
  24  14:51  SCV  
Show
View Real Time Build Order
Export as new Build Order

DANKCRAFT Zerg - Winner!

Build Orders: Hatch First, Swarm Host 

Get SALT Encoding   

  12  0:01  Drone  
  13  0:12  Drone  
  14  0:25  Overlord  
  14  0:48  Drone x3  
  17  0:59  Hatchery  
  16  1:10  Drone x2  
  18  1:14  Extractor  
  17  1:31  Drone  
  17  1:32  Spawning Pool, Drone  
  18  1:44  Drone  
  19  1:58  Drone  
  20  2:04  Overlord  
  20  2:11  Drone  
  22  2:15  Drone  
  22  2:20  Queen  
  22  2:21  Queen  
  26  2:28  Drone  
  27  2:30  Drone  
  28  2:46  Drone x2  
  28  2:48  Overlord x2  
  30  2:57  Queen  
  32  2:59  Roach Warren  
  32  3:00  Drone  
  32  3:05  Drone x2  
  34  3:23  Drone  
  35  3:30  Drone x2  
  35  3:33  Drone  
  38  3:53  Hatchery  
  37  3:57  Hatchery  
  37  3:58  Queen  
  38  4:08  Spine Crawler  
  38  4:09  Drone x2  
  39  4:10  Drone x3  
  39  4:13  Drone x6  
  48  4:18  Extractor  
  48  4:22  Spine Crawler  
  46  4:33  Overlord x2  
  46  4:35  Overlord x2  
  46  4:42  Extractor  
  46  4:44  Extractor  
  44  5:00  Drone x3  
  47  5:24  Drone x2  
  47  5:25  Drone x2  
  47  5:26  Drone x2  
  47  5:27  Drone x2  
  55  5:41  Spore Crawler  
  54  5:51  Lair  
  54  5:57  Overlord x2  
  54  5:58  Overlord x5  
  54  5:59  Overlord x3  
  54  6:50  Nydus Network  
  54  6:53  Infestation Pit  
  52  7:12  Hydralisk Den  
  52  7:15  Hatchery  
  50  7:29  Swarm Host x4  
  53  7:30  Swarm Host x7  
  53  7:31  Swarm Host x7  
  53  7:32  Swarm Host  
  53  7:33  Swarm Host  
  110  7:44  Nydus Canal  
  110  7:50  Grooved Spines  
  110  7:59  Nydus Canal  
  110  8:03  Overseer  
  110  8:33  Nydus Canal  
  110  8:35  Overseer  
  110  8:41  Hydralisk  
  110  8:42  Hydralisk x7  
  126  9:10  Nydus Canal  
  126  9:25  Nydus Canal  
  126  9:26  Hydralisk x3  
  126  9:27  Hydralisk x4  
  132  10:08  Hydralisk x5  
  132  10:09  Hydralisk x4  
  132  10:10  Hydralisk  
  152  10:49  Nydus Canal  
  152  10:53  Hydralisk x4  
  152  10:54  Hydralisk x2  
  152  10:55  Hydralisk  
  162  11:39  Nydus Canal  
  162  12:20  Hydralisk x5  
  162  12:21  Hydralisk x2  
  172  13:12  Hatchery  
  172  13:14  Hatchery  
  170  13:22  Hatchery  
  144  14:25  Overlord x3  
Tags
 
Add a new tag
Caveats
  • Supply blocks, unpowered buildings, or Contaminate may cause inaccurate times.
  • Supply counts are checked every 10 seconds.